 Dungeon Crawl Stone Soup version 0.17.0-24-gcfadda4 (webtiles) character file.

48 Raultor the Insei (level 3, -4/26 HPs)
             Began as an Octopode Monk on Nov 17, 2015.
             Slain by Crazy Yiuf
             ... wielding a +2 quarterstaff of chaos
              (17 damage)
             ... on level 2 of the Dungeon.
             The game lasted 00:02:18 (1473 turns).

Raultor the Insei (Octopode Monk)                   Turns: 1473, Time: 00:02:19

Health: -4/26      AC:  1    Str: 10    XL:     3   Next: 72%
Magic:  3/3        EV: 13    Int: 12    God:
Gold:   130        SH:  0    Dex: 15    Spells: 0 memorised, 2 levels left

rFire  . . .     SeeInvis .       - Unarmed
rCold  . . .     Clarity  .     (no shield)
rNeg   . . .     SustAt   .     (helmet restricted)
rPois  .         Gourm    .     (no amulet)
rElec  .         Spirit   .     (no ring)
rCorr  .         Warding  .     (no ring)
rMut   .         Stasis   .     (no ring)
MR     .....                    (no ring)
Stlth  +++.......               (no ring)
                                (no ring)
                                (no ring)
                                (no ring)

@: lethally poisoned (-4 -> -21), not resistant to hostile enchantments, fairly
stealthy
A: almost no armour, amphibious, 8 rings, constrict 8, camouflage 1, gelatinous
body 1
a: no special abilities


You were on level 2 of the Dungeon.
You were not hungry.

You visited 1 branch of the dungeon, and saw 2 of its levels.

You collected 130 gold pieces.

Inventory:

Scrolls
 b - 3 scrolls of amnesia {unknown}
 e - a scroll of enchant armour {unknown}
 f - a scroll of enchant weapon {unknown}
 i - 2 scrolls of identify {unknown}
 k - a scroll of magic mapping {unknown}
Potions
 c - a potion of flight {unknown}
 d - a potion of degeneration {unknown}
 h - a potion of haste {unknown}
 j - 2 potions of brilliance {unknown}
 l - a potion of heal wounds {unknown}
Comestibles
 a - a bread ration
 g - 3 chunks of flesh


   Skills:
 + Level 3.5 Fighting
 + Level 3.2 Dodging
 - Level 2.6 Stealth
 + Level 4.7 Unarmed Combat


You had 2 spell levels left.
You didn't know any spells.

Dungeon Overview and Level Annotations

Branches:
Dungeon (2/15)

Altars:

Annotations:
D:2 Crazy Yiuf


Innate Abilities, Weirdness & Mutations

You cannot wear most types of armour.
You are amphibious.
You can wear up to eight rings at the same time.
You can use your tentacles to constrict eight enemies at once.
Your skin changes colour to match your surroundings (Stealth).
Your rubbery body absorbs attacks (AC +1).


Message History

Crazy Yiuf the Enlightened comes into view.
He is wielding a quarterstaff of chaos.
There is an open door here.
Crazy Yiuf shouts!
Crazy Yiuf hits you with a quarterstaff of chaos!
You are lethally poisoned!
You tentacle-slap Crazy Yiuf but do no damage.
You grab Crazy Yiuf.
You constrict Crazy Yiuf, but do no damage.
You feel sick. Crazy Yiuf hits you but does no damage.
You tentacle-slap Crazy Yiuf.
Crazy Yiuf is moderately wounded.
You constrict Crazy Yiuf, but do no damage.
You feel sick. Crazy Yiuf misses you.
You tentacle-slap Crazy Yiuf. You squeeze Crazy Yiuf.
Crazy Yiuf is heavily wounded.
You constrict Crazy Yiuf, but do no damage.
You feel sick.
Crazy Yiuf hits you with a quarterstaff of chaos!
Ouch! That really hurt!
You die...

#..##. ##.##. #..#. ##.#.
##########... ########
#............ ##....#.########
#............ ##.)....#..##...#
#...........> #......####.'.@g#
#............ #.....## ###..)#
#............ #.##### #####
#............ #.# #............
#.# #.........(.. #.#
##............
#.################.............
#..............................
##################.............


You could see Crazy Yiuf.

Vanquished Creatures
  2 adders (D:2)
  A giant gecko (D:2)
  3 bats
  A giant cockroach (D:2)
  6 goblins
  3 hobgoblins
  4 kobolds (D:2)
  3 quokkas (D:2)
  2 giant newts (D:2)
  3 rats
28 creatures vanquished.

Notes
Turn   | Place    | Note
--------------------------------------------------------------
     0 | D:1      | Raultor the Octopode Monk began the quest for the Orb.
     0 | D:1      | Reached XP level 1. HP: 16/16 MP: 1/1
   515 | D:1      | Reached XP level 2. HP: 21/21 MP: 2/2
  1076 | D:2      | Reached XP level 3. HP: 26/26 MP: 3/3
  1465 | D:2      | Noticed Crazy Yiuf
  1473 | D:2      | Slain by Crazy Yiuf

Action                   || total
-------------------------++-------
Melee: Unarmed           ||    55
 Stab: Sleeping          ||     9
       Distracted        ||     1
  Eat: Chunk             ||     2
